Eagles vs Penguins
(R1)
Created - June 12, 2022 at 21:18
Goals
|
Eagles |
2 |
2 |
1 |
5 |
Penguins |
4 |
1 |
2 |
7 |
|
Shots
|
Eagles |
8 |
16 |
12 |
36 |
Penguins |
13 |
9 |
9 |
31 |
|
1st period
1. Penguins , Kyle Connor 34 (Anthony Beauvillier 16, Frederick Gaudreau 41) at 11:02 (PP)
2. Penguins , Anthony Beauvillier 18 (Frederick Gaudreau 42) at 12:10 (PP)
3. Penguins , Gavin Bayreuther 1 (William Nylander 50, Cedric Paquette 58) at 13:53
4. Penguins , William Nylander 41 (Cedric Paquette 59, Iven Barbashev 19) at 14:50 (PP)
5. Eagles , Nick Cousins 21 (Daniel Carr 45) at 14:58
6. Eagles , Zach Aston-Reese 18 (Anthony Duclair 19, Stefan Elliott 50) at 19:14
Penalties :
Chris Calhan (Col) for Hooking (Minor) at 9:48, Matteson Iacopelli (Col) for Tripping (Minor) at 11:36, Matteson Iacopelli (Col) for Hooking (Minor) at 14:19, Cedric Paquette (Wil) for Slashing (Minor) at 15:15
2nd period
7. Penguins , Curtis Hamilton 9 (Max Gortz 6) at 7:50
8. Eagles , Daniel Carr 34 (Jonathan Marchessault 49) at 8:00
9. Eagles , Jonathan Marchessault 26 (Nick Cousins 34) at 16:29
Penalties :
Andrew O'Brien (Wil) for Tripping (Minor) at 19:13
3rd period
10. Eagles , Stefan Elliott 10 (Jonathan Marchessault 50) at 0:06 (PP)
11. Penguins , Andrew O'Brien 3 (William Nylander 51, Cedric Paquette 60) at 14:48 (PP)
12. Penguins , Max Gortz 12 (Curtis Hamilton 9) at 16:48
Penalties :
Drake Caggiula (Col) for Tripping (Minor) at 2:15, John Ramage (Col) for High sticking (Minor) at 14:45
Goalie Stats
Antoine Bibeau (Col), 17 saves from 20 shots - (0.850), L, 6-9-1, 45:10 minutes
Marek Mazanek (Col), 7 saves from 11 shots - (0.636), 14:50 minutes
Connor Hellebyuk (Wil), 31 saves from 36 shots - (0.861), W, 27-29-3, 60:00 minutes
Players Stats for Eagles
Player Name G A P +/- PIM S H SB GA TA FO MP PP MP PK MP
------------------------------------------------------------------------------------
Anthony Duclair 0 1 1 0 0 1 1 0 0 0 0/0 8:14 0:00 0:14
Chris Calhan 0 0 0 0 2 0 0 1 0 0 0/0 12:04 0:00 0:00
Connor Carrick 0 0 0 -1 0 2 0 0 0 0 0/0 10:57 0:00 0:00
Daniel Carr 1 1 2 3 0 3 0 0 1 0 1/2 22:36 1:34 2:51
Drake Caggiula 0 0 0 -2 2 4 3 1 0 0 4/9 16:40 1:18 0:31
Jared McCann 0 0 0 0 0 3 1 0 1 0 2/5 12:36 0:00 0:31
Jarred Tinordi 0 0 0 4 0 2 2 0 0 1 0/0 26:00 2:11 2:48
John Ramage 0 0 0 -2 2 2 1 1 0 1 0/0 17:28 0:41 1:33
Jonathan Marchessault 1 2 3 3 0 3 1 0 0 1 18/37 22:36 1:34 2:51
Jonathan Racine 0 0 0 -1 0 0 0 1 0 0 0/0 10:57 0:00 0:00
Joseph Blandisi 0 0 0 0 0 3 2 0 0 0 0/0 12:53 0:00 0:28
Matteson Iacopelli 0 0 0 -2 4 0 1 0 0 0 1/2 15:47 1:18 0:00
Max Lajoie 0 0 0 0 0 0 0 1 0 0 0/0 5:34 0:00 0:00
Nick Cousins 1 1 2 3 0 4 3 0 0 0 1/1 19:44 1:34 0:00
Ryan Murphy 0 0 0 -2 0 1 0 2 0 2 0/0 17:29 0:41 1:33
Sam Steel 0 0 0 0 0 1 0 1 0 0 0/1 7:40 0:00 0:00
Stefan Elliott 1 1 2 4 0 5 2 2 1 0 0/0 26:00 2:11 2:48
Tomas Tatar 0 0 0 -2 0 1 2 0 1 1 0/0 17:05 1:18 1:16
Xavier Ouellet 0 0 0 0 0 0 0 0 0 0 0/0 5:34 0:00 0:00
Zach Aston-Reese 1 0 1 0 0 1 1 0 0 0 3/3 7:40 0:00 0:00
Players Stats for Penguins
Player Name G A P +/- PIM S H SB GA TA FO MP PP MP PK MP
------------------------------------------------------------------------------------
Adam Brooks 0 0 0 2 0 0 1 0 0 0 1/2 11:28 0:00 0:26
Andrew O'Brien 1 0 1 -4 2 2 1 5 0 1 0/0 25:40 2:14 1:03
Anthony Beauvillier 1 1 2 -1 0 2 2 1 0 0 0/0 16:14 1:50 0:00
Cedric Paquette 0 3 3 -1 2 4 1 1 0 0 14/30 23:06 2:28 0:46
Christopher Tanev 0 0 0 -4 0 0 2 2 0 1 0/0 26:34 2:14 1:56
Curtis Hamilton 1 1 2 2 0 3 1 0 0 0 1/1 12:56 0:25 0:53
Dakota Mermis 0 0 0 2 0 1 0 1 2 1 0/0 20:44 2:07 0:56
Danny Biega 0 0 0 2 0 0 1 2 0 0 0/0 21:22 2:07 1:34
Denis Malgin 0 0 0 -1 0 1 1 0 0 0 2/5 9:40 0:25 0:48
Frederick Gaudreau 0 2 2 -1 0 1 0 1 1 0 9/15 15:09 1:28 0:07
Gavin Bayreuther 1 0 1 1 0 1 1 0 0 0 0/0 12:15 0:00 0:15
German Rubtsov 0 0 0 0 0 0 0 0 0 0 0/0 0:00 0:00 0:00
Iven Barbashev 0 1 1 -1 0 1 1 1 3 0 0/1 15:24 1:30 0:00
John Marino 0 0 0 1 0 0 0 2 0 1 0/0 12:33 0:00 0:00
Juuso Ikonen 0 0 0 -1 0 1 0 0 0 0 0/0 8:28 0:00 0:07
Kyle Connor 1 0 1 -1 0 3 1 1 0 0 2/3 19:10 1:51 0:52
Max Gortz 1 1 2 2 0 2 0 0 0 0 0/1 13:33 0:38 0:00
Sam Kurker 0 0 0 -1 0 2 1 0 0 0 0/0 9:00 0:00 0:00
William Nylander 1 2 3 -1 0 7 3 3 0 0 1/2 23:50 2:28 1:45
3 Stars
1 - Jonathan Marchessault (Col)
2 - Stefan Elliott (Col)
3 - William Nylander (Wil)
Power Play
Eagles - 1 on 2 Attempt(s) - 50.00%
Penguins - 4 on 5 Attempt(s) - 80.00%
Penalty Kill
Eagles - 1 on 5 Attempt(s) - 20.00%
- Score 0 goal in Penalty Kill
Penguins - 1 on 2 Attempt(s) - 50.00%
- Score 0 goal in Penalty Kill
Team Stat
Eagles - Hits : 20 - Faceoff Wins : 30 - Blocked Shots : 10 - Penalty Minutes : 10
Penguins - Hits : 17 - Faceoff Wins : 30 - Blocked Shots : 20 - Penalty Minutes : 4
Official
Referees : Francois St. Laurent and Kendrick Nicholson
Linesman : Michel Cormier and Ryan Galloway
Game Notes
Antoine Bibeau enters game at 14:50 of 1st period
Iven Barbashev is injured at 18:48 of 2nd period (Sprained Right Finger)
Finance
Level 1 -- Attendance: 1906 (95.30%) -- Ticket Income $66,710
Level 2 -- Attendance: 888 (88.80%) -- Ticket Income $13,320
Total Attendance: 2794 (93.13%)
Total Ticket Income: $80,030
Other Income: $4,002
Total Income: $84,032
Eagles
5 vs 5 Forward
Center Left Wing Right Wing Time % Phy DF OF
1 Jonathan Marchessault Daniel Carr Nick Cousins 40 1 2 2
2 Drake Caggiula Tomas Tatar Matteson Iacopelli 30 1 2 2
3 Jared McCann Joseph Blandisi Chris Calhan 20 1 2 2
4 Zach Aston-Reese Anthony Duclair Sam Steel 10 1 2 2
5 vs 5 Defense
Defense Defense Time % Phy DF OF
1 Jarred Tinordi Stefan Elliott 40 1 2 2
2 John Ramage Ryan Murphy 30 1 2 2
3 Connor Carrick Jonathan Racine 20 1 2 2
4 Xavier Ouellet Max Lajoie 10 1 2 2
PowerPlay Forward
Center Left Wing Right Wing Time % Phy DF OF
1 Jonathan Marchessault Daniel Carr Nick Cousins 60 1 2 2
2 Drake Caggiula Tomas Tatar Matteson Iacopelli 40 1 2 2
PowerPlay Defense
Defense Defense Time % Phy DF OF
1 Jarred Tinordi Stefan Elliott 60 1 2 2
2 John Ramage Ryan Murphy 40 1 2 2
Penalty Kill 4 Players Forward
Center Wing Time % Phy DF OF
1 Jonathan Marchessault Daniel Carr 60 1 2 2
2 Drake Caggiula Tomas Tatar 40 1 2 2
Penalty Kill 4 Players Defense
Defense Defense Time % Phy DF OF
1 Jarred Tinordi Stefan Elliott 60 1 2 2
2 John Ramage Ryan Murphy 40 1 2 2
Penalty Kill - 3 Players Forward
Forward Time % Phy DF OF
1 Jonathan Marchessault 60 1 2 2
2 Drake Caggiula 40 1 2 2
Penalty Kill - 3 Players Defense
Defense Defense Time % Phy DF OF
1 Jarred Tinordi Stefan Elliott 60 1 2 2
2 John Ramage Ryan Murphy 40 1 2 2
4 vs 4 Forward
Center Wing Time % Phy DF OF
1 Jonathan Marchessault Daniel Carr 60 1 2 2
2 Drake Caggiula Tomas Tatar 40 1 2 2
4 vs 4 Defense
Defense Defense Time % Phy DF OF
1 Jarred Tinordi Stefan Elliott 60 1 2 2
2 John Ramage Ryan Murphy 40 1 2 2
Last Minutes Offensive
Center Left Wing Right Wing Defense Defense
Jonathan Marchessault Daniel Carr Nick Cousins Jarred Tinordi Stefan Elliott
Last Minutes Defensive
Center Left Wing Right Wing Defense Defense
Jonathan Marchessault Daniel Carr Nick Cousins Jarred Tinordi Stefan Elliott
Goaltenders
Starting : Marek Mazanek
Backup : Antoine Bibeau
Extra Forwards
Normal : Joseph Blandisi, Drake Caggiula, Anthony Duclair - PP : Joseph Blandisi, Drake Caggiula - PK : Joseph Blandisi
Extra Defensemen
Normal : Jonathan Racine, Xavier Ouellet, Max Lajoie - PP : Jonathan Racine - PK : Jonathan Racine, Xavier Ouellet
Penalty Shots
Daniel Carr, Tomas Tatar, Jonathan Marchessault, Nick Cousins, Joseph Blandisi
Scratches
Dominik Kubalik (Healthy), Mark Friedman (Healthy), Michael Dal Colle (Healthy), Tyler Motte (Healthy), Pius Suter (Healthy)
Keaton Middleton (Healthy), Pascal Laberge (Healthy), Adin Hill (Healthy)
Penguins
5 vs 5 Forward
Center Left Wing Right Wing Time % Phy DF OF
1 Cedric Paquette William Nylander Iven Barbashev 40 1 2 2
2 Frederick Gaudreau Kyle Connor Anthony Beauvillier 30 1 2 2
3 Adam Brooks Curtis Hamilton Max Gortz 20 1 2 2
4 Denis Malgin Juuso Ikonen Sam Kurker 10 1 2 2
5 vs 5 Defense
Defense Defense Time % Phy DF OF
1 Christopher Tanev Andrew O'Brien 40 1 2 2
2 Dakota Mermis Danny Biega 30 1 2 2
3 Gavin Bayreuther John Marino 20 1 2 2
4 Christopher Tanev Andrew O'Brien 10 1 2 2
PowerPlay Forward
Center Left Wing Right Wing Time % Phy DF OF
1 Cedric Paquette William Nylander Iven Barbashev 60 1 2 2
2 Frederick Gaudreau Kyle Connor Anthony Beauvillier 40 1 2 2
PowerPlay Defense
Defense Defense Time % Phy DF OF
1 Christopher Tanev Andrew O'Brien 60 1 2 2
2 Dakota Mermis Danny Biega 40 1 2 2
Penalty Kill 4 Players Forward
Center Wing Time % Phy DF OF
1 Cedric Paquette William Nylander 60 1 2 2
2 Frederick Gaudreau Kyle Connor 40 1 2 2
Penalty Kill 4 Players Defense
Defense Defense Time % Phy DF OF
1 Christopher Tanev Andrew O'Brien 60 1 2 2
2 Dakota Mermis Danny Biega 40 1 2 2
Penalty Kill - 3 Players Forward
Forward Time % Phy DF OF
1 Cedric Paquette 60 1 2 2
2 Frederick Gaudreau 40 1 2 2
Penalty Kill - 3 Players Defense
Defense Defense Time % Phy DF OF
1 Christopher Tanev Andrew O'Brien 60 1 2 2
2 Dakota Mermis Danny Biega 40 1 2 2
4 vs 4 Forward
Center Wing Time % Phy DF OF
1 Cedric Paquette William Nylander 60 1 2 2
2 Frederick Gaudreau Kyle Connor 40 1 2 2
4 vs 4 Defense
Defense Defense Time % Phy DF OF
1 Christopher Tanev Andrew O'Brien 60 1 2 2
2 Dakota Mermis Danny Biega 40 1 2 2
Last Minutes Offensive
Center Left Wing Right Wing Defense Defense
Cedric Paquette William Nylander Iven Barbashev Christopher Tanev Andrew O'Brien
Last Minutes Defensive
Center Left Wing Right Wing Defense Defense
Cedric Paquette William Nylander Iven Barbashev Christopher Tanev Andrew O'Brien
Goaltenders
Starting : Connor Hellebyuk
Backup : Anthony Stolarz
Extra Forwards
Normal : Kyle Connor, Anthony Beauvillier, Max Gortz - PP : Kyle Connor, Anthony Beauvillier - PK : Kyle Connor
Extra Defensemen
Normal : Danny Biega, Gavin Bayreuther, John Marino - PP : Danny Biega - PK : Danny Biega, Gavin Bayreuther
Penalty Shots
William Nylander, Cedric Paquette, Frederick Gaudreau, Iven Barbashev, Kyle Connor
Scratches
Brett Pollock (Healthy), Josh Ho-Sang (Healthy), Josh Jooris (Healthy), Matthew Finn (Healthy), Raphael Bussieres (Healthy)
Steven Spinner (Healthy)
% Time on Ice - Eagles
Lines # - Real PCT - Wanted PCT - Time Play
Normal Forward
1 - 35% - 40% - 18:31
2 - 28% - 30% - 14:31
3 - 23% - 20% - 12:05
4 - 15% - 10% - 7:40
Normal Defense
1 - 40% - 40% - 21:01
2 - 29% - 30% - 15:15
3 - 21% - 20% - 10:57
4 - 11% - 10% - 5:34
PP Forward
1 - 55% - 60% - 1:34
2 - 45% - 40% - 1:18
PP Defense
1 - 76% - 60% - 2:11
2 - 24% - 40% - 0:41
PK Forward
1 - 71% - 60% - 3:05
2 - 29% - 40% - 1:16
PK Defense
1 - 64% - 60% - 2:48
2 - 36% - 40% - 1:33
PK3 Forward
1 - 0% - 60%
2 - 0% - 40%
PK3 Defense
1 - 0% - 60%
2 - 0% - 40%
44 Forward
1 - 0% - 60%
2 - 0% - 40%
44 Defense
1 - 0% - 60%
2 - 0% - 40%
Last Minute Offensive - 0:00
Last Minute Defensive - 0:00
Total
Forward - 60:00
Defense - 60:00
|
% Time on Ice - Penguins
Lines # - Real PCT - Wanted PCT - Time Play
Normal Forward
1 - 37% - 40% - 19:37
2 - 26% - 30% - 13:50
3 - 21% - 20% - 10:59
4 - 16% - 10% - 8:21
Normal Defense
1 - 38% - 40% - 19:56
2 - 34% - 30% - 17:50
3 - 24% - 20% - 12:33
4 - 5% - 10% - 2:28
PP Forward
1 - 66% - 60% - 2:53
2 - 34% - 40% - 1:28
PP Defense
1 - 51% - 60% - 2:14
2 - 49% - 40% - 2:07
PK Forward
1 - 96% - 60% - 2:45
2 - 4% - 40% - 0:07
PK Defense
1 - 67% - 60% - 1:56
2 - 33% - 40% - 0:56
PK3 Forward
1 - 0% - 60%
2 - 0% - 40%
PK3 Defense
1 - 0% - 60%
2 - 0% - 40%
44 Forward
1 - 0% - 60%
2 - 0% - 40%
44 Defense
1 - 0% - 60%
2 - 0% - 40%
Last Minute Offensive - 0:00
Last Minute Defensive - 0:00
Total
Forward - 60:00
Defense - 60:00
|
Play-by-Play
1st period
0:01 of 1st period - Cedric Paquette wins face-off versus Jonathan Marchessault in neutral zone.
0:41 of 1st period - Snap shot by Joseph Blandisi.
0:41 of 1st period - Shot Blocked by Christopher Tanev.
0:49 of 1st period - John Ramage is hit by Iven Barbashev and loses puck.
1:14 of 1st period - Ryan Murphy is hit by William Nylander and loses puck.
1:39 of 1st period - John Ramage is hit by William Nylander and loses puck.
1:48 of 1st period - Slapshot by William Nylander.
1:48 of 1st period - Shot Misses the Net.
2:02 of 1st period - Wrist shot by William Nylander.
2:02 of 1st period - Stopped by Marek Mazanek with a rebound.
2:04 of 1st period - Slapshot by Christopher Tanev.
2:04 of 1st period - Shot Misses the Net.
2:06 of 1st period - Slapshot by William Nylander.
2:06 of 1st period - Shot Misses the Net.
2:08 of 1st period - Wrist shot by Cedric Paquette.
2:08 of 1st period - Shot Misses the Net.
2:22 of 1st period - Wrist shot by William Nylander.
2:22 of 1st period - Stopped by Marek Mazanek with a rebound.
2:24 of 1st period - Wrist shot by Christopher Tanev.
2:24 of 1st period - Shot Blocked by Ryan Murphy.
2:26 of 1st period - Slapshot by Christopher Tanev.
2:26 of 1st period - Shot Misses the Net.
2:28 of 1st period - Snap shot by William Nylander.
2:28 of 1st period - Stopped by Marek Mazanek without a rebound.
2:29 of 1st period - Drake Caggiula wins face-off versus Frederick Gaudreau in Eagles zone.
2:42 of 1st period - Wrist shot by Drake Caggiula.
2:42 of 1st period - Shot Blocked by Danny Biega.
2:44 of 1st period - Slapshot by Stefan Elliott.
2:44 of 1st period - Shot Misses the Net.
4:06 of 1st period - Snap shot by Sam Kurker.
4:06 of 1st period - Stopped by Marek Mazanek with a rebound.
4:18 of 1st period - Drake Caggiula is hit by Anthony Beauvillier.
7:25 of 1st period - Slapshot by Jarred Tinordi.
7:25 of 1st period - Shot Blocked by Danny Biega.
7:27 of 1st period - Snap shot by Zach Aston-Reese.
7:27 of 1st period - Shot Misses the Net.
9:40 of 1st period - Slapshot by Stefan Elliott.
9:40 of 1st period - Deflect By Frederick Gaudreau.
9:40 of 1st period - Stopped by Connor Hellebyuk with a rebound.
9:48 of 1st period - Minor Penalty to Chris Calhan for Hooking.
9:49 of 1st period - Jonathan Marchessault wins face-off versus Cedric Paquette in Eagles zone.
10:16 of 1st period - Snap shot by Anthony Beauvillier.
10:16 of 1st period - Stopped by Marek Mazanek without a rebound.
10:17 of 1st period - Jonathan Marchessault wins face-off versus Frederick Gaudreau in Eagles zone.
11:00 of 1st period - Snap shot by Anthony Beauvillier.
11:00 of 1st period - Shot Blocked by Drake Caggiula.
11:02 of 1st period - Slapshot by Kyle Connor.
11:02 of 1st period - Goal by Kyle Connor - Eagles : 0 - Penguins : 1.
11:03 of 1st period - Jonathan Marchessault wins face-off versus Cedric Paquette in neutral zone.
11:28 of 1st period - Andrew O'Brien is hit by Drake Caggiula and loses puck.
11:36 of 1st period - Minor Penalty to Matteson Iacopelli for Tripping.
11:37 of 1st period - Jonathan Marchessault wins face-off versus Cedric Paquette in Eagles zone.
12:06 of 1st period - Off-side.
12:07 of 1st period - Frederick Gaudreau wins face-off versus Drake Caggiula in neutral zone.
12:10 of 1st period - Snap shot by Anthony Beauvillier.
12:10 of 1st period - Goal by Anthony Beauvillier - Eagles : 0 - Penguins : 2.
12:11 of 1st period - Jonathan Marchessault wins face-off versus Cedric Paquette in neutral zone.
12:20 of 1st period - Jonathan Marchessault is hit by Cedric Paquette and loses puck.
12:51 of 1st period - Snap shot by Joseph Blandisi.
12:51 of 1st period - Stopped by Connor Hellebyuk with a rebound.
13:51 of 1st period - Wrist shot by William Nylander.
13:51 of 1st period - Shot Blocked by Sam Steel.
13:53 of 1st period - Slapshot by Gavin Bayreuther.
13:53 of 1st period - Goal by Gavin Bayreuther - Eagles : 0 - Penguins : 3.
13:54 of 1st period - Cedric Paquette wins face-off versus Jonathan Marchessault in neutral zone.
14:06 of 1st period - Slapshot by Stefan Elliott.
14:06 of 1st period - Shot Misses the Net.
14:08 of 1st period - Slapshot by Jarred Tinordi.
14:08 of 1st period - Stopped by Connor Hellebyuk with a rebound.
14:10 of 1st period - Wrist shot by Nick Cousins.
14:10 of 1st period - Stopped by Connor Hellebyuk without a rebound.
14:11 of 1st period - Frederick Gaudreau wins face-off versus Drake Caggiula in Penguins zone.
14:19 of 1st period - Minor Penalty to Matteson Iacopelli for Hooking.
14:20 of 1st period - Cedric Paquette wins face-off versus Jonathan Marchessault in Eagles zone.
14:26 of 1st period - Wrist shot by William Nylander.
14:26 of 1st period - Deflect By Cedric Paquette.
14:26 of 1st period - Stopped by Marek Mazanek with a rebound.
14:28 of 1st period - Snap shot by William Nylander.
14:28 of 1st period - Stopped by Marek Mazanek without a rebound.
14:29 of 1st period - Cedric Paquette wins face-off versus Jonathan Marchessault in Eagles zone.
14:50 of 1st period - Snap shot by Cedric Paquette.
14:50 of 1st period - Deflect By William Nylander.
14:50 of 1st period - Goal by William Nylander - Eagles : 0 - Penguins : 4.
14:50 of 1st period - Antoine Bibeau enters game.
14:51 of 1st period - Jonathan Marchessault wins face-off versus Cedric Paquette in neutral zone.
14:58 of 1st period - Wrist shot by Nick Cousins.
14:58 of 1st period - Goal by Nick Cousins - Eagles : 1 - Penguins : 4.
14:59 of 1st period - Jonathan Marchessault wins face-off versus Cedric Paquette in neutral zone.
15:15 of 1st period - Minor Penalty to Cedric Paquette for Slashing.
15:16 of 1st period - Kyle Connor wins face-off versus Jonathan Marchessault in Penguins zone.
15:52 of 1st period - Slapshot by Stefan Elliott.
15:52 of 1st period - Stopped by Connor Hellebyuk with a rebound.
16:40 of 1st period - Danny Biega is hit by Stefan Elliott and loses puck.
17:15 of 1st period - Penalty to Cedric Paquette is over, Cedric Paquette is back on ice.
17:26 of 1st period - Wrist shot by Frederick Gaudreau.
17:26 of 1st period - Shot Misses the Net.
17:28 of 1st period - Snap shot by Frederick Gaudreau.
17:28 of 1st period - Stopped by Antoine Bibeau with a rebound.
17:42 of 1st period - Wrist shot by Denis Malgin.
17:42 of 1st period - Stopped by Antoine Bibeau without a rebound.
17:43 of 1st period - Zach Aston-Reese wins face-off versus Denis Malgin in Eagles zone.
17:52 of 1st period - Snap shot by Anthony Duclair.
17:52 of 1st period - Shot Misses the Net.
17:54 of 1st period - Wrist shot by Anthony Duclair.
17:54 of 1st period - Stopped by Connor Hellebyuk without a rebound.
17:55 of 1st period - Frederick Gaudreau wins face-off versus Jonathan Marchessault in Penguins zone.
17:55 of 1st period - Frederick Gaudreau is hit by Nick Cousins.
19:08 of 1st period - Snap shot by Zach Aston-Reese.
19:08 of 1st period - Shot Misses the Net.
19:10 of 1st period - Snap shot by Anthony Duclair.
19:10 of 1st period - Shot Blocked by Andrew O'Brien.
19:12 of 1st period - Wrist shot by Zach Aston-Reese.
19:12 of 1st period - Shot Blocked by Andrew O'Brien.
19:14 of 1st period - Slapshot by Zach Aston-Reese.
19:14 of 1st period - Goal by Zach Aston-Reese - Eagles : 2 - Penguins : 4.
19:15 of 1st period - Jonathan Marchessault wins face-off versus Cedric Paquette in neutral zone.
19:20 of 1st period - Snap shot by Jonathan Marchessault.
19:20 of 1st period - Shot Blocked by Christopher Tanev.
19:34 of 1st period - William Nylander is hit by Jarred Tinordi.
Goals for this period are 2 for Eagles vs 4 for Penguins.
Shots for this period are 8 for Eagles vs 13 for Penguins.
2nd period
0:01 of 2nd period - Cedric Paquette wins face-off versus Jonathan Marchessault in neutral zone.
0:44 of 2nd period - Wrist shot by Iven Barbashev.
0:44 of 2nd period - Shot Misses the Net.
0:46 of 2nd period - Snap shot by Cedric Paquette.
0:46 of 2nd period - Stopped by Antoine Bibeau without a rebound.
0:47 of 2nd period - Frederick Gaudreau wins face-off versus Drake Caggiula in Eagles zone.
0:56 of 2nd period - Snap shot by Drake Caggiula.
0:56 of 2nd period - Stopped by Connor Hellebyuk with a rebound.
0:58 of 2nd period - Snap shot by Matteson Iacopelli.
0:58 of 2nd period - Shot Blocked by John Marino.
2:15 of 2nd period - Icing by John Ramage.
2:16 of 2nd period - Cedric Paquette wins face-off versus Jared McCann in Eagles zone.
2:28 of 2nd period - Snap shot by Joseph Blandisi.
2:28 of 2nd period - Shot Misses the Net.
2:30 of 2nd period - Backhand shot by Jarred Tinordi.
2:30 of 2nd period - Stopped by Connor Hellebyuk without a rebound.
2:31 of 2nd period - Frederick Gaudreau wins face-off versus Jonathan Marchessault in Penguins zone.
2:57 of 2nd period - William Nylander is hit by Drake Caggiula and loses puck.
3:42 of 2nd period - Wrist shot by Denis Malgin.
3:42 of 2nd period - Deflect By Juuso Ikonen.
3:42 of 2nd period - Stopped by Antoine Bibeau with a rebound.
4:04 of 2nd period - Wrist shot by Frederick Gaudreau.
4:04 of 2nd period - Shot Blocked by Max Lajoie.
4:06 of 2nd period - Slapshot by Kyle Connor.
4:06 of 2nd period - Stopped by Antoine Bibeau without a rebound.
4:07 of 2nd period - Jared McCann wins face-off versus Cedric Paquette in Eagles zone.
4:20 of 2nd period - Wrist shot by Cedric Paquette.
4:20 of 2nd period - Shot Misses the Net.
4:22 of 2nd period - Snap shot by Cedric Paquette.
4:22 of 2nd period - Shot Misses the Net.
5:11 of 2nd period - Juuso Ikonen is hit by Tomas Tatar and loses puck.
5:35 of 2nd period - Off-side.
5:36 of 2nd period - Cedric Paquette wins face-off versus Jared McCann in neutral zone.
5:51 of 2nd period - Wrist shot by Joseph Blandisi.
5:51 of 2nd period - Deflect By Jared McCann.
5:51 of 2nd period - Shot Misses the Net.
5:51 of 2nd period - Puck is out of play.
5:52 of 2nd period - Jonathan Marchessault wins face-off versus Kyle Connor in Penguins zone.
6:03 of 2nd period - Wrist shot by Jonathan Marchessault.
6:03 of 2nd period - Stopped by Connor Hellebyuk without a rebound.
6:04 of 2nd period - Jonathan Marchessault wins face-off versus Cedric Paquette in Penguins zone.
6:30 of 2nd period - Anthony Beauvillier is hit by Joseph Blandisi and loses puck.
6:55 of 2nd period - Wrist shot by Drake Caggiula.
6:55 of 2nd period - Shot Misses the Net.
7:50 of 2nd period - Slapshot by Curtis Hamilton.
7:50 of 2nd period - Goal by Curtis Hamilton - Eagles : 2 - Penguins : 5.
7:51 of 2nd period - Jonathan Marchessault wins face-off versus Cedric Paquette in neutral zone.
7:58 of 2nd period - Backhand shot by Jonathan Marchessault.
7:58 of 2nd period - Shot Misses the Net.
8:00 of 2nd period - Snap shot by Daniel Carr.
8:00 of 2nd period - Goal by Daniel Carr - Eagles : 3 - Penguins : 5.
8:01 of 2nd period - Daniel Carr wins face-off versus Iven Barbashev in neutral zone.
8:07 of 2nd period - Snap shot by Daniel Carr.
8:07 of 2nd period - Deflect By William Nylander.
8:07 of 2nd period - Shot Blocked by Andrew O'Brien.
8:07 of 2nd period - Puck is out of play.
8:08 of 2nd period - Cedric Paquette wins face-off versus Jonathan Marchessault in Penguins zone.
8:37 of 2nd period - Wrist shot by Kyle Connor.
8:37 of 2nd period - Shot Blocked by Stefan Elliott.
8:39 of 2nd period - Slapshot by Andrew O'Brien.
8:39 of 2nd period - Shot Misses the Net.
8:41 of 2nd period - Slapshot by Andrew O'Brien.
8:41 of 2nd period - Stopped by Antoine Bibeau without a rebound.
8:42 of 2nd period - Kyle Connor wins face-off versus Jonathan Marchessault in Eagles zone.
8:43 of 2nd period - Slapshot by Frederick Gaudreau.
8:43 of 2nd period - Shot Misses the Net.
8:55 of 2nd period - Snap shot by Frederick Gaudreau.
8:55 of 2nd period - Shot Misses the Net.
8:57 of 2nd period - Wrist shot by Anthony Beauvillier.
8:57 of 2nd period - Shot Misses the Net.
9:07 of 2nd period - Dakota Mermis is hit by Drake Caggiula and loses puck.
9:16 of 2nd period - Slapshot by Drake Caggiula.
9:16 of 2nd period - Shot Blocked by Dakota Mermis.
9:18 of 2nd period - Snap shot by Tomas Tatar.
9:18 of 2nd period - Stopped by Connor Hellebyuk with a rebound.
9:20 of 2nd period - Wrist shot by John Ramage.
9:20 of 2nd period - Stopped by Connor Hellebyuk with a rebound.
10:20 of 2nd period - Snap shot by Zach Aston-Reese.
10:20 of 2nd period - Shot Blocked by Kyle Connor.
10:50 of 2nd period - Snap shot by Anthony Beauvillier.
10:50 of 2nd period - Deflect By Kyle Connor.
10:50 of 2nd period - Shot Blocked by Chris Calhan.
10:50 of 2nd period - Puck is out of play.
10:51 of 2nd period - Jared McCann wins face-off versus Cedric Paquette in Eagles zone.
11:23 of 2nd period - Slapshot by William Nylander.
11:23 of 2nd period - Shot Misses the Net.
11:39 of 2nd period - Snap shot by Jared McCann.
11:39 of 2nd period - Stopped by Connor Hellebyuk with a rebound.
11:41 of 2nd period - Slapshot by Max Lajoie.
11:41 of 2nd period - Shot Blocked by William Nylander.
11:43 of 2nd period - Snap shot by Jared McCann.
11:43 of 2nd period - Stopped by Connor Hellebyuk with a rebound.
11:45 of 2nd period - Slapshot by Joseph Blandisi.
11:45 of 2nd period - Shot Blocked by Cedric Paquette.
11:47 of 2nd period - Slapshot by Max Lajoie.
11:47 of 2nd period - Shot Misses the Net.
11:49 of 2nd period - Snap shot by Joseph Blandisi.
11:49 of 2nd period - Shot Misses the Net.
12:05 of 2nd period - Snap shot by Joseph Blandisi.
12:05 of 2nd period - Stopped by Connor Hellebyuk with a rebound.
12:07 of 2nd period - Slapshot by Joseph Blandisi.
12:07 of 2nd period - Stopped by Connor Hellebyuk with a rebound.
12:09 of 2nd period - Slapshot by Max Lajoie.
12:09 of 2nd period - Shot Blocked by William Nylander.
12:11 of 2nd period - Slapshot by Max Lajoie.
12:11 of 2nd period - Deflect By Jared McCann.
12:11 of 2nd period - Stopped by Connor Hellebyuk with a rebound.
12:21 of 2nd period - Wrist shot by William Nylander.
12:21 of 2nd period - Stopped by Antoine Bibeau without a rebound.
12:22 of 2nd period - Frederick Gaudreau wins face-off versus Jonathan Marchessault in Eagles zone.
12:38 of 2nd period - Off-side.
12:39 of 2nd period - Curtis Hamilton wins face-off versus Drake Caggiula in neutral zone.
12:52 of 2nd period - Wrist shot by Curtis Hamilton.
12:52 of 2nd period - Deflect By Max Gortz.
12:52 of 2nd period - Stopped by Antoine Bibeau without a rebound.
12:53 of 2nd period - Frederick Gaudreau wins face-off versus Jonathan Marchessault in Eagles zone.
13:18 of 2nd period - Tomas Tatar is hit by Andrew O'Brien and loses puck.
13:39 of 2nd period - Wrist shot by Anthony Duclair.
13:39 of 2nd period - Deflect By Sam Steel.
13:39 of 2nd period - Shot Misses the Net.
13:39 of 2nd period - Puck is out of play.
13:40 of 2nd period - Frederick Gaudreau wins face-off versus Sam Steel in Penguins zone.
13:53 of 2nd period - Snap shot by Anthony Duclair.
13:53 of 2nd period - Shot Misses the Net.
13:55 of 2nd period - Snap shot by Sam Steel.
13:55 of 2nd period - Stopped by Connor Hellebyuk without a rebound.
13:56 of 2nd period - Cedric Paquette wins face-off versus Daniel Carr in Penguins zone.
13:56 of 2nd period - Cedric Paquette is hit by Stefan Elliott.
14:23 of 2nd period - Icing by Jonathan Marchessault.
14:24 of 2nd period - Matteson Iacopelli wins face-off versus Frederick Gaudreau in Eagles zone.
14:24 of 2nd period - Matteson Iacopelli is hit by Anthony Beauvillier.
14:52 of 2nd period - Wrist shot by Kyle Connor.
14:52 of 2nd period - Stopped by Antoine Bibeau with a rebound.
14:58 of 2nd period - Wrist shot by Jarred Tinordi.
14:58 of 2nd period - Shot Blocked by Frederick Gaudreau.
15:05 of 2nd period - Icing by Danny Biega.
15:06 of 2nd period - Zach Aston-Reese wins face-off versus William Nylander in Penguins zone.
16:01 of 2nd period - Off-side.
16:02 of 2nd period - Drake Caggiula wins face-off versus Cedric Paquette in neutral zone.
16:07 of 2nd period - Snap shot by Drake Caggiula.
16:07 of 2nd period - Shot Misses the Net.
16:09 of 2nd period - Wrist shot by Drake Caggiula.
16:09 of 2nd period - Shot Misses the Net.
16:11 of 2nd period - Backhand shot by Tomas Tatar.
16:11 of 2nd period - Shot Misses the Net.
16:13 of 2nd period - Wrist shot by Matteson Iacopelli.
16:13 of 2nd period - Deflect By Drake Caggiula.
16:13 of 2nd period - Stopped by Connor Hellebyuk with a rebound.
16:15 of 2nd period - Slapshot by Connor Carrick.
16:15 of 2nd period - Stopped by Connor Hellebyuk with a rebound.
16:17 of 2nd period - Snap shot by Jonathan Racine.
16:17 of 2nd period - Shot Blocked by Andrew O'Brien.
16:29 of 2nd period - Wrist shot by Jonathan Marchessault.
16:29 of 2nd period - Goal by Jonathan Marchessault - Eagles : 4 - Penguins : 5.
16:30 of 2nd period - Cedric Paquette wins face-off versus Jonathan Marchessault in neutral zone.
16:41 of 2nd period - Snap shot by Iven Barbashev.
16:41 of 2nd period - Stopped by Antoine Bibeau with a rebound.
16:43 of 2nd period - Slapshot by Christopher Tanev.
16:43 of 2nd period - Shot Misses the Net.
16:55 of 2nd period - Connor Carrick is hit by Christopher Tanev and loses puck.
17:05 of 2nd period - Icing by Matteson Iacopelli.
17:06 of 2nd period - Cedric Paquette wins face-off versus Drake Caggiula in Eagles zone.
17:21 of 2nd period - Gavin Bayreuther is hit by Tomas Tatar and loses puck.
17:46 of 2nd period - Snap shot by Drake Caggiula.
17:46 of 2nd period - Stopped by Connor Hellebyuk with a rebound.
18:30 of 2nd period - Wrist shot by Tomas Tatar.
18:30 of 2nd period - Shot Misses the Net.
18:44 of 2nd period - Wrist shot by Drake Caggiula.
18:44 of 2nd period - Shot Blocked by John Marino.
18:46 of 2nd period - Snap shot by Tomas Tatar.
18:46 of 2nd period - Shot Misses the Net.
18:48 of 2nd period - Wrist shot by Jonathan Racine.
18:48 of 2nd period - Shot Blocked by Iven Barbashev.
18:48 of 2nd period - Iven Barbashev from Penguins is injured at 18:48 of 2nd period (Sprained Right Finger).
18:49 of 2nd period - Jonathan Marchessault wins face-off versus Frederick Gaudreau in Penguins zone.
19:13 of 2nd period - Minor Penalty to Andrew O'Brien for Tripping.
19:14 of 2nd period - Cedric Paquette wins face-off versus Jonathan Marchessault in Penguins zone.
19:21 of 2nd period - Off-side.
19:22 of 2nd period - Jonathan Marchessault wins face-off versus Cedric Paquette in neutral zone.
Goals for this period are 2 for Eagles vs 1 for Penguins.
Shots for this period are 16 for Eagles vs 9 for Penguins.
3rd period
0:01 of 3rd period - Jonathan Marchessault wins face-off versus Cedric Paquette in neutral zone.
0:04 of 3rd period - Snap shot by Stefan Elliott.
0:04 of 3rd period - Shot Misses the Net.
0:06 of 3rd period - Wrist shot by Stefan Elliott.
0:06 of 3rd period - Deflect By Cedric Paquette.
0:06 of 3rd period - Goal by Stefan Elliott - Eagles : 5 - Penguins : 5.
0:07 of 3rd period - Frederick Gaudreau wins face-off versus Jonathan Marchessault in neutral zone.
0:51 of 3rd period - Jarred Tinordi is hit by Denis Malgin and loses puck.
1:32 of 3rd period - Adam Brooks is hit by John Ramage and loses puck.
1:51 of 3rd period - Daniel Carr is hit by William Nylander and loses puck.
2:06 of 3rd period - Slapshot by Daniel Carr.
2:06 of 3rd period - Stopped by Connor Hellebyuk without a rebound.
2:07 of 3rd period - Drake Caggiula wins face-off versus Denis Malgin in Penguins zone.
2:15 of 3rd period - Minor Penalty to Drake Caggiula for Tripping.
2:16 of 3rd period - Jonathan Marchessault wins face-off versus Cedric Paquette in Eagles zone.
3:39 of 3rd period - Slapshot by Dakota Mermis.
3:39 of 3rd period - Deflect By Stefan Elliott.
3:39 of 3rd period - Stopped by Antoine Bibeau without a rebound.
3:40 of 3rd period - Denis Malgin wins face-off versus Jared McCann in Eagles zone.
3:55 of 3rd period - Snap shot by Curtis Hamilton.
3:55 of 3rd period - Stopped by Antoine Bibeau with a rebound.
4:15 of 3rd period - Penalty to Drake Caggiula is over, Drake Caggiula is back on ice.
4:33 of 3rd period - Juuso Ikonen is hit by Zach Aston-Reese and loses puck.
4:54 of 3rd period - Wrist shot by Curtis Hamilton.
4:54 of 3rd period - Stopped by Antoine Bibeau with a rebound.
5:54 of 3rd period - Off-side.
5:55 of 3rd period - Jonathan Marchessault wins face-off versus Max Gortz in neutral zone.
6:04 of 3rd period - Max Gortz is hit by Nick Cousins and loses puck.
6:13 of 3rd period - Stefan Elliott is hit by Adam Brooks and loses puck.
6:28 of 3rd period - Tomas Tatar is hit by Sam Kurker and loses puck.
7:02 of 3rd period - Off-side.
7:03 of 3rd period - Zach Aston-Reese wins face-off versus Denis Malgin in neutral zone.
7:11 of 3rd period - Wrist shot by Andrew O'Brien.
7:11 of 3rd period - Shot Blocked by Ryan Murphy.
7:31 of 3rd period - Wrist shot by Daniel Carr.
7:31 of 3rd period - Shot Misses the Net.
7:43 of 3rd period - Daniel Carr is hit by Kyle Connor and loses puck.
7:54 of 3rd period - Backhand shot by Jonathan Marchessault.
7:54 of 3rd period - Stopped by Connor Hellebyuk with a rebound.
7:56 of 3rd period - Snap shot by John Ramage.
7:56 of 3rd period - Shot Blocked by William Nylander.
7:58 of 3rd period - Backhand shot by John Ramage.
7:58 of 3rd period - Stopped by Connor Hellebyuk with a rebound.
8:00 of 3rd period - Wrist shot by Nick Cousins.
8:00 of 3rd period - Stopped by Connor Hellebyuk with a rebound.
8:18 of 3rd period - Slapshot by Ryan Murphy.
8:18 of 3rd period - Stopped by Connor Hellebyuk with a rebound.
8:44 of 3rd period - Wrist shot by Daniel Carr.
8:44 of 3rd period - Stopped by Connor Hellebyuk with a rebound.
8:46 of 3rd period - Wrist shot by Nick Cousins.
8:46 of 3rd period - Stopped by Connor Hellebyuk with a rebound.
8:48 of 3rd period - Wrist shot by Nick Cousins.
8:48 of 3rd period - Deflect By Jonathan Marchessault.
8:48 of 3rd period - Shot Misses the Net.
8:48 of 3rd period - Puck is out of play.
8:49 of 3rd period - Adam Brooks wins face-off versus Matteson Iacopelli in Penguins zone.
9:02 of 3rd period - Tomas Tatar is hit by Curtis Hamilton.
9:08 of 3rd period - Curtis Hamilton is hit by Matteson Iacopelli and loses puck.
9:45 of 3rd period - Slapshot by Anthony Beauvillier.
9:45 of 3rd period - Shot Blocked by Jonathan Racine.
10:29 of 3rd period - John Marino is hit by Jared McCann and loses puck.
13:18 of 3rd period - Icing by Jared McCann.
13:19 of 3rd period - Cedric Paquette wins face-off versus Jonathan Marchessault in Eagles zone.
13:22 of 3rd period - Snap shot by Cedric Paquette.
13:22 of 3rd period - Stopped by Antoine Bibeau with a rebound.
13:24 of 3rd period - Wrist shot by Cedric Paquette.
13:24 of 3rd period - Deflect By William Nylander.
13:24 of 3rd period - Shot Misses the Net.
13:24 of 3rd period - Puck is out of play.
13:25 of 3rd period - William Nylander wins face-off versus Jonathan Marchessault in Eagles zone.
13:28 of 3rd period - Snap shot by Cedric Paquette.
13:28 of 3rd period - Stopped by Antoine Bibeau with a rebound.
13:42 of 3rd period - Christopher Tanev is hit by Nick Cousins and loses puck.
13:59 of 3rd period - Snap shot by William Nylander.
13:59 of 3rd period - Stopped by Antoine Bibeau without a rebound.
14:00 of 3rd period - Drake Caggiula wins face-off versus Frederick Gaudreau in Eagles zone.
14:00 of 3rd period - Drake Caggiula is hit by Danny Biega.
14:28 of 3rd period - Slapshot by Stefan Elliott.
14:28 of 3rd period - Stopped by Connor Hellebyuk with a rebound.
14:30 of 3rd period - Wrist shot by Jared McCann.
14:30 of 3rd period - Shot Misses the Net.
14:32 of 3rd period - Slapshot by Stefan Elliott.
14:32 of 3rd period - Stopped by Connor Hellebyuk without a rebound.
14:33 of 3rd period - Jonathan Marchessault wins face-off versus Cedric Paquette in Penguins zone.
14:45 of 3rd period - Minor Penalty to John Ramage for High sticking.
14:46 of 3rd period - Cedric Paquette wins face-off versus Jonathan Marchessault in Eagles zone.
14:46 of 3rd period - Snap shot by William Nylander.
14:46 of 3rd period - Shot Blocked by Stefan Elliott.
14:48 of 3rd period - Slapshot by Andrew O'Brien.
14:48 of 3rd period - Goal by Andrew O'Brien - Eagles : 5 - Penguins : 6.
14:49 of 3rd period - Nick Cousins wins face-off versus Frederick Gaudreau in neutral zone.
15:06 of 3rd period - Jarred Tinordi is hit by Christopher Tanev and loses puck.
15:25 of 3rd period - Slapshot by Drake Caggiula.
15:25 of 3rd period - Stopped by Connor Hellebyuk with a rebound.
15:46 of 3rd period - Wrist shot by William Nylander.
15:46 of 3rd period - Shot Blocked by John Ramage.
16:19 of 3rd period - Wrist shot by Sam Kurker.
16:19 of 3rd period - Stopped by Antoine Bibeau with a rebound.
16:48 of 3rd period - Snap shot by Max Gortz.
16:48 of 3rd period - Goal by Max Gortz - Eagles : 5 - Penguins : 7.
16:49 of 3rd period - Jonathan Marchessault wins face-off versus Adam Brooks in neutral zone.
16:54 of 3rd period - Curtis Hamilton is hit by Jarred Tinordi and loses puck.
17:15 of 3rd period - Joseph Blandisi is hit by Gavin Bayreuther and loses puck.
17:40 of 3rd period - Wrist shot by Frederick Gaudreau.
17:40 of 3rd period - Shot Misses the Net.
17:46 of 3rd period - Slapshot by Stefan Elliott.
17:46 of 3rd period - Deflect By Drake Caggiula.
17:46 of 3rd period - Shot Misses the Net.
17:46 of 3rd period - Puck is out of play.
17:47 of 3rd period - Denis Malgin wins face-off versus Jonathan Marchessault in Penguins zone.
17:47 of 3rd period - Denis Malgin is hit by Jonathan Marchessault.
18:03 of 3rd period - Slapshot by Dakota Mermis.
18:03 of 3rd period - Shot Misses the Net.
18:13 of 3rd period - Max Gortz is hit by Joseph Blandisi and loses puck.
18:18 of 3rd period - Backhand shot by Connor Carrick.
18:18 of 3rd period - Stopped by Connor Hellebyuk with a rebound.
19:00 of 3rd period - Wrist shot by Nick Cousins.
19:00 of 3rd period - Shot Blocked by Anthony Beauvillier.
19:50 of 3rd period - Cedric Paquette is hit by Anthony Duclair and loses puck.
19:57 of 3rd period - Wrist shot by Drake Caggiula.
19:57 of 3rd period - Shot Blocked by Andrew O'Brien.
Goals for this period are 1 for Eagles vs 2 for Penguins.
Shots for this period are 12 for Eagles vs 9 for Penguins.